 Dungeon Crawl Stone Soup version 0.31-a0-963-ga325b2283a (webtiles) character file.

Game seed: 5553877354579997649

2741 LeprechaunX the Mimic (level 9, -7/54 HPs)
             Began as an Octopode Shapeshifter on Oct 24, 2023.
             Was a Believer of Hepliaklqana.
             Mangled by an orc warrior
             ... wielding a +0 glaive
              (12 damage)
             ... in a bailey.
             The game lasted 00:11:52 (6292 turns).

LeprechaunX the Mimic (Octopode Shapeshifter)       Turns: 6292, Time: 00:11:52

Health: -7/54      AC:  7    Str: 20    XL:     9   Next: 68%
Magic:  9/9        EV: 10    Int: 12    God:    Hepliaklqana [**....]
Gold:   603        SH:  0    Dex: 14    Spells: 8/8 levels left

rFire   . .          .
                       - Unarmed
rCold   . . .        y - melded +0 buckler
rNeg    . . .        (helmet currently unavailable)
rPois   .            r - amulet of regeneration
rElec   .            n - ring of resist corrosion
rCorr   +            (no ring)
SInv    .            (no ring)
Will    .....        (no ring)
Stlth   +            (no ring)
HPRegen 1.09/turn    (no ring)
MPRegen 0.11/turn    (no ring)
                     (no ring)

%: no passive effects
@: snake-form
A: constrict, reduced hp, reduced essence, almost no armour, amphibious, 8
rings, large, (camouflage 1), (gelatinous body 1), (nimble swimmer 1),
(tentacles)
a: Begin Untransformation, Renounce Religion, Recall Ancestor, Ancestor Identity


You were in a bailey.
You worshipped Hepliaklqana.
Hepliaklqana was pleased with you.
You were an enormous anaconda.
You visited 1 branch of the dungeon, and saw 7 of its levels.
You also visited: Bailey.

You collected 603 gold pieces.

Inventory:

Hand Weapons
 a - a +0 shortbow
Armour
 f - a +0 hat
 y - a +0 buckler (melded)
 D - an orb of mayhem
Jewellery
 n - a ring of resist corrosion (left tentacle)
 p - an amulet of the acrobat
 r - an amulet of regeneration (around neck)
Talismans
 b - a beast talisman
 c - a flux talisman
 q - a serpent talisman (active)
Wands
 k - a wand of light (23) (quivered)
 u - a wand of flame (16)
 w - a wand of polymorph (7)
Scrolls
 e - 2 scrolls of identify
 g - 6 scrolls of teleportation
 j - a scroll of vulnerability
 s - a scroll of amnesia
 z - 2 scrolls of enchant weapon
 A - a scroll of noise
 C - a scroll of fog
Potions
 d - 2 potions of mutation
 h - a potion of degeneration {unknown}
 i - 3 potions of heal wounds
 l - a potion of cancellation {unknown}
 m - 2 potions of lignification
 o - a potion of ambrosia {unknown}
 t - 2 potions of haste
 v - a potion of curing {unknown}
 x - a potion of enlightenment {unknown}
 B - a potion of brilliance {unknown}


   Skills:
 + Level 5.7 Fighting
 - Level 3.0 Ranged Weapons
 - Level 2.0 Dodging
 - Level 6.0 Unarmed Combat
 + Level 5.6 Evocations
 * Level 8.2 Shapeshifting


You had 8 spell levels left.
You didn't know any spells.
Your spell library contained the following spells:

 Spells                   Type           Power      Damage    Failure   Level
 Alistair's Intoxication  Tmut/Pois      0%         N/A       100%        5
 Borgnjor's Vile Clutch   Necr/Erth      0%         N/A       100%        5
 Eringya's Noxious Bog    Tmut/Pois      0%         4d6       100%        6


Dungeon Overview and Level Annotations

Branches:
Dungeon (7/15)             Temple (0/1) D:6          Bailey (1/1)

Altars:
Elyvilon
Gozag
Hepliaklqana
Kikubaaqudgha
Okawaru
Trog
Uskayaw
Vehumet

Shops:
D:2 *   D:7 =


Innate Abilities, Weirdness & Mutations

You are an enormous anaconda.
You have a powerful constriction melee attack.
Your maximum health is decreased, since you lack skill for your form.
Your armour is entirely melded.
You are incapable of wielding weapons or throwing items.
Your life essence is reduced to manifest your ancestor. (-10% HP)
You cannot wear most types of armour.
You are amphibious.
You can wear up to eight rings at the same time.
((Your skin changes colour to match your surroundings (Stealth+).))
((Your rubbery body absorbs attacks. (AC +1, EV +1)))
((You are camouflaged when in or above water. (Stealth+)))
((You have tentacles for arms and can constrict up to eight enemies at once.))


Message History

There is an open door here.
The orc warrior hits you with a +0 spear.
The orc closely misses you.
The orc warrior hits you from afar with a +0 glaive!
You hit the orc warrior. Your grab misses the orc warrior.
The orc warrior is lightly wounded.
Edmée hits the orc warrior but does no damage.
Unknown command.
You closely miss the orc warrior. You grab the orc warrior.
The orc warrior is lightly wounded.
You constrict the orc warrior, but do no damage.
The orc warrior closely misses you. The orc closely misses you.
The orc warrior hits you from afar with a +0 glaive!
Edmée hits the orc warrior with a +0 quarterstaff!
Unknown command.
You lash the orc warrior!
The orc warrior is almost dead.
You constrict the orc warrior.
The orc warrior hits you with a +0 spear.
The orc hits you from afar with a +0 halberd.
* * * LOW HITPOINT WARNING * * *
The orc warrior hits you from afar with a +0 glaive!
* * * LOW HITPOINT WARNING * * *
Edmée hits the orc warrior with a +0 quarterstaff!
The orc warrior dies!
Unknown command.
The orc hits you but does no damage.
Edmée barely misses the orc.
There is an open door here.
Unknown command.
The orc attacks as it pursues you!
The orc hits you from afar with a +0 trident.
* * * LOW HITPOINT WARNING * * *
Edmée hits the orc warrior with a +0 quarterstaff!
Unknown command.
You hit the orc. You grab the orc.
The orc is severely wounded.
You constrict the orc.
You kill the orc!
The orc warrior hits you from afar with a +0 glaive!
You die...

###### ############
#.....## ##........∩.# #
..)..######.....#......
+...##.o#....#....###.....
+....8Ro)S...'.....8.....∩
+...##)o#....#...)###.....
# .....######..)))#......
#.....## ##..))....∩.#
###### ############


You could see the friendly Edmée the battlemage, an orc warrior and 2 orcs.

Vanquished Creatures
  Grinder (D:5)
  A shadow (D:7)
  Menkaure (D:4)
  3 black bears
  A sky beast (D:6)
  3 centaurs
  2 bullfrogs (D:7)
  2 scorpions (D:4)
  5 wights (D:7)
  A howler monkey (D:5)
  The ghost of bchevrier the Shield-Bearer, a weakling GnWn (D:4)
  2 jellies (D:5)
  3 orc priests
  A gnoll bouda (D:5)
  A sleepcap (D:5)
  3 iguanas
  5 orc wizards
  4 adders
  6 gnolls
  4 ufetubi
  A worm (D:2)
  A dart slug (D:2)
  23 orcs
  7 ball pythons
  6 endoplasms
  2 giant cockroaches
  6 goblins
  7 hobgoblins
  7 jackals
  6 kobolds
  2 quokkas
  6 bats
  8 rats
  A spectral hobgoblin (D:4)
133 creatures vanquished.

Vanquished Creatures (collateral kills)
  An acid dragon (D:7)
  A sky beast (D:7)
  An orc warrior (Bailey)
  2 wights (D:7)
  A sleepcap (D:7)
  An orc wizard (D:7)
  A white imp (D:6)
  5 orcs (Bailey)
  2 goblins (D:7)
15 creatures vanquished.

Vanquished Creatures (others)
  A human (D:6)
  An ancestor (D:7)
2 creatures vanquished.

Grand Total: 150 creatures vanquished

Notes
Turn   | Place    | Note
-------+----------+-------------------------------------------
     0 | D:1      | LeprechaunX the Octopode Shapeshifter began the quest for
                  | the Orb.
     0 | D:1      | Reached XP level 1. HP: 13/13 MP: 1/1
   398 | D:1      | Reached XP level 2. HP: 18/18 MP: 2/2
   725 | D:1      | Reached XP level 3. HP: 23/23 MP: 3/3
   810 | D:1      | You fall into a shaft and drop 1 floor!
   810 | D:2      | Found Woxa's Assorted Antiques.
  1993 | D:2      | Reached XP level 4. HP: 28/29 MP: 4/4
  2206 | D:3      | Found a faded altar of an unknown god.
  2443 | D:3      | Noticed a centaur
  2455 | D:3      | Killed a centaur
  2456 | D:3      | Reached skill level 1 in Evocations
  2456 | D:3      | Reached skill level 4 in Shapeshifting
  2456 | D:3      | Reached XP level 5. HP: 3/35 MP: 5/5
  3426 | D:4      | Reached XP level 6. HP: 23/41 MP: 6/6
  3496 | D:4      | Found a hazy altar of Hepliaklqana.
  3510 | D:4      | Became a worshipper of Hepliaklqana the Forgotten
  3544 | D:4      | Found a hide-covered altar of Uskayaw.
  3583 | D:4      | Reached skill level 1 in Ranged Weapons
  3749 | D:4      | Noticed Menkaure
  3799 | D:4      | Found a runed translucent door.
  3805 | D:4      | Noticed bchevrier's ghost (weakling GnWn)
  3874 | D:4      | Killed Menkaure
  3875 | D:4      | Reached skill level 5 in Shapeshifting
  3875 | D:4      | Reached XP level 7. HP: 43/46 MP: 7/7
  4033 | D:4      | Killed bchevrier's ghost
  4055 | D:5      | Entered Level 5 of the Dungeon
  4377 | D:5      | Reached XP level 8. HP: 54/54 MP: 8/8
  4537 | D:5      | Reached * piety under Hepliaklqana
  4547 | D:5      | Noticed Grinder
  4551 | D:5      | Paralysed by Grinder for 5 turns
  4559 | D:5      | Killed Grinder
  4560 | D:5      | Reached skill level 6 in Shapeshifting
  4911 | D:6      | Reached skill level 5 in Unarmed Combat
  4936 | D:6      | Found an opulent altar of Gozag.
  4994 | D:6      | Found a bloodstained altar of Trog.
  5007 | D:6      | Found a radiant altar of Vehumet.
  5044 | D:6      | Found a white marble altar of Elyvilon.
  5098 | D:6      | Found a staircase to the Ecumenical Temple.
  5448 | D:6      | Found an ancient bone altar of Kikubaaqudgha.
  5645 | D:6      | Found an iron altar of Okawaru.
  5760 | D:7      | Reached skill level 7 in Shapeshifting
  5760 | D:7      | Reached XP level 9. HP: 31/53 MP: 9/9
  5804 | D:7      | Reached ** piety under Hepliaklqana
  5805 | D:7      | Remembered your ancestor Edmée as a battlemage
  5829 | D:7      | Reached skill level 5 in Fighting
  5904 | D:7      | Reached skill level 5 in Evocations
  6082 | D:7      | Found Ugotyt's Jewellery Emporium.
  6133 | D:7      | Found a flagged portal.
  6139 | D:7      | Reached skill level 8 in Shapeshifting
  6156 | Bailey   | Entered a bailey
  6292 | Bailey   | Mangled by an orc warrior

Illustrated notes

Levels and vault maps discovered:
D:1:      giann_wishing_wells, layout_basic
D:2:      layout_loops_corners, serial_shops, shop
D:3:      layout_basic, shapermc_ecumenical_altar_mp_highgroup,
          minmay_misc_feat_rows
D:4:      layout_rooms, lemuel_round_altar,
          nicolae_hepliaklqana_monster_ancestors, ebering_ghost_reflecting_pool,
          uniq_menkaure
D:5:      layout_loops_ring, uniq_grinder
D:6:      wad_pebble_path, layout_loops_ring, mainiacjoe_overflow_brackets,
          nicolae_overflow_quartered_altars, tgw_kikubaaqudgha,
          minmay_temple_entry_sparse_star
D:7:      layout_basic, enter_bailey_5, nicolae_take_the_stairs,
          minmay_misc_feat_chi
Bailey:   bailey_polearm_5, bailey

Skill      XL: |  1  2  3  4  5  6  7  8  9 |
---------------+----------------------------+-----
Fighting       | 2 3 4 5 |  5.7
Evocations     | 1 2 3 4 5 |  5.6
Shapeshifting  | 4 5 7 8 |  8.2
Unarmed Combat | 4 5 6 |  6.0
Ranged Weapons | 1 2 3 |  3.0
Dodging        | |  2.0

Action                     |  1- 3 |  4- 6 |  7- 9 || total
---------------------------+-------+-------+-------++-------
  Melee: Unarmed           |    70 |    80 |   160 ||   310
         Constrict         |    17 |    16 |    38 ||    71
         Tentacles         |     7 |    15 |    42 ||    64
         Punch             |     4 |     3 |     6 ||    13
 Invoke: Recall Ancestor   |       |       |     1 ||     1
         Ancestor Life: Ba |       |       |     1 ||     1
  Evoke: Wand              |       |     1 |       ||     1
    Use: Scroll            |       |       |     9 ||     9
   Stab: Sleeping          |     5 |     5 |     2 ||    12
         Distracted        |       |       |     1 ||     1
 Armour: Skin              |    29 |    33 |   131 ||   193
  Dodge: Dodged            |    46 |    61 |   108 ||   215
  Block: Buckler           |       |       |    18 ||    18
   Form: Anaconda          |       |       |     1 ||     1

Table legend: (Time is in decaauts)
 A = Elapsed time spent in this place.
 B = Non-inter-level travel time spent in this place.
 C = Inter-level travel time spent in this place.
 D = Time resting spent in this place.
 E = Time spent auto-exploring this place.
 F = Levels seen in this place.
 G = Mean time per level.
                   A        B        C        D        E       F      G
               +--------+--------+--------+--------+--------+-----+--------+
         Total |   6270 |   5836 |    434 |    434 |   4371 |   8 |  783.8 |
       Dungeon |   6136 |   5702 |    434 |    364 |   4371 |   7 |  876.6 |
        Bailey |    134 |    134 |      0 |     70 |      0 |   1 |  134.0 |
               +--------+--------+--------+--------+--------+-----+--------+

Top non-repeatable levels by time:
     D:1: 1212 daAuts
     D:3: 1079 daAuts
     D:2: 979 daAuts
     D:6: 847 daAuts
     D:5: 793 daAuts
     D:4: 773 daAuts
     D:7: 450 daAuts
  Bailey: 134 daAuts
